 Dungeon Crawl Stone Soup version 0.31-a0-875-g02e7d12df6 (webtiles) character file.

Game seed: 1451872758268634449

12184 hikkokomori the Skirmisher (level 12, -9/93 HPs)
             Began as a Human Hunter on Oct 12, 2023.
             Was an Initiate of Gozag.
             Mangled by Amaemon
             ... wielding a +0 demon whip of venom
              (12 damage)
             ... on level 8 of the Dungeon.
             The game lasted 00:24:00 (10765 turns).

hikkokomori the Skirmisher (Human Hunter)          Turns: 10765, Time: 00:24:00

Health: -9/93      AC:  7    Str: 11    XL:     12   Next: 17%
Magic:  19/22      EV: 15    Int: 16    God:    Gozag
Gold:   650        SH:  0    Dex: 18    Spells: 14/24 levels left

rFire   . . .        a - +3 shortbow (freeze)
rCold   . . .        (shield currently unavailable)
rNeg    . . .        c - +1 leather armour
rPois   .            (no helmet)
rElec   .            t - +0 cloak
rCorr   .            x - +0 pair of gloves
SInv    +            B - +0 pair of boots
Will    .....        (no amulet)
Stlth   ++++         g - ring of wizardry
HPRegen 0.35/turn    q - ring of see invisible
MPRegen 0.18/turn

%: wizardry (x1)
@: lethally poisoned (-9 -> -18)
A: clever 1, teleportitis 1
a: Renounce Religion, Potion Petition, Call Merchant, Bribe Branch


You were on level 8 of the Dungeon.
You worshipped Gozag.
Gozag was pleased with you.
You visited 3 branches of the dungeon, and saw 12 of its levels.

You collected 1746 gold pieces.
You paid 1096 gold pieces to Gozag.

Inventory:

Hand Weapons
 a - a +3 shortbow of freezing (weapon)
Armour
 c - a +1 leather armour (worn)
 t - a +0 cloak (worn)
 x - a +0 pair of gloves (worn)
 A - a +0 leather armour of cold resistance
 B - a +0 pair of boots (worn)
Jewellery
 d - an amulet of reflection
 g - a ring of wizardry (left hand)
 q - a ring of see invisible (right hand)
 r - a ring of resist corrosion
 z - a +6 ring of dexterity
 E - a ring of willpower
Wands
 w - a wand of polymorph (18)
 y - a wand of paralysis (11)
 F - a wand of flame (27)
 J - a wand of digging (8)
Scrolls
 b - a scroll of butterflies
 e - 3 scrolls of teleportation
 f - 2 scrolls of blinking
 i - 2 scrolls of fog
 l - 2 scrolls of enchant armour
 m - a scroll of torment {unknown}
 o - a scroll of vulnerability
 p - 3 scrolls of identify
 v - a scroll of silence
 D - 2 scrolls of revelation {unknown}
 I - a scroll of fear {unknown}
Potions
 h - a potion of attraction
 j - a potion of lignification
 k - a potion of might {unknown}
 n - 4 potions of brilliance
 s - a potion of degeneration {unknown}
 u - a potion of mutation
 C - 2 potions of haste {unknown}
 G - a potion of enlightenment {unknown}
 H - a potion of resistance


   Skills:
 + Level 8.3 Fighting
 + Level 9.0 Ranged Weapons
 - Level 3.2 Armour
 + Level 6.5 Dodging
 - Level 8.5 Stealth
 + Level 6.6 Spellcasting
 + Level 1.9 Conjurations
 - Level 2.0 Hexes
 - Level 6.5 Summonings
 + Level 0.8 Evocations


You had 14 spell levels left.
You knew the following spells:

 Your Spells              Type           Power      Damage    Failure   Level
a - Summon Guardian Gole  Hex/Summ       19%        N/A       3%          3
b - Spellforged Servitor  Conj/Summ      9%         N/A       100%        7

Your spell library contained the following spells:

 Spells                   Type           Power      Damage    Failure   Level
 Summon Small Mammal      Summ           100%       N/A       1%          1
 Call Canine Familiar     Summ           26%        N/A       1%          3
 Freeze                   Ice            20%        1d4       6%          1
 Hailstorm                Conj/Ice       8%         3d4       13%         3
 Frozen Ramparts          Ice            10%        1d2       19%         3
 Ozocubu's Armour         Ice            5%         N/A       19%         3
 Vhi's Electric Charge    Tloc/Air       10%        N/A       52%         4
 Arcjolt                  Conj/Air       4%         1d14      73%         5
 Plasma Beam              Fire/Air       2%         2x1d12    100%        6
 Orb of Destruction       Conj           5%         9d5       100%        7
 Ozocubu's Refrigeration  Ice            2%         4d8       100%        7


Dungeon Overview and Level Annotations

Branches:
Dungeon (9/15)             Temple (1/1) D:4            Lair (2/5) D:8
  Swamp: Lair:2-3    Shoals: Lair:2-3     Snake: Lair:2-3    Spider: Lair:2-3
    Orc: D:9-12

Altars:
Ashenzari
Cheibriados
Dithmenos
Elyvilon
Fedhas
Gozag
Kikubaaqudgha
Makhleb
Okawaru
Qazlal
Ru
Sif Muna
Vehumet
Wu Jian
Xom
Yredelemnul
Zin
The Shining One

Shops:
D:1 [   D:8 (

Annotations:
D:3 Grinder
D:4 3 runed translucent doors, laschroeter's ghost, amateur MiFi
D:7 1 runed translucent door, snackwell's ghost, novice GnGl
D:8 Amaemon


Innate Abilities, Weirdness & Mutations

Your mind is acute. (Int +4, Str/Dex -1)
You are occasionally teleported next to monsters.


Message History

You feel very sick.
The orc warrior hits you with a +0 broad axe.
You feel sick.
The orc warrior hits you with a +0 broad axe!
Amaemon attacks as he pursues you! Amaemon barely misses you.
Amaemon claws you but does no damage. Amaemon completely misses you.
You feel sick.
You feel sick.
The orc warrior hits you with a +0 broad axe!
* * * LOW HITPOINT WARNING * * *
You feel sick. Amaemon attacks as he pursues you!
Amaemon hits you with a +0 demon whip of venom!
* * * LOW HITPOINT WARNING * * *
You are lethally poisoned!
Amaemon closely misses you. Amaemon tail-slaps you.
* * * LOW HITPOINT WARNING * * *
Unknown command.
You feel better.
Amaemon hits you with a +0 demon whip of venom.
* * * LOW HITPOINT WARNING * * *
You are lethally poisoned!
Amaemon barely misses you. Amaemon closely misses you.
Unknown command.
Casting: Summon Guardian Golem (mildly dangerous; 3% risk of failure)
Confirm with . or Enter, or press ? or * to list all spells.
A guardian golem appears, shielding your allies.
* * * LOW HITPOINT WARNING * * *
You feel very sick. Amaemon misses you. Amaemon claws you.
* * * LOW HITPOINT WARNING * * *
Amaemon tail-slaps you.
* * * LOW HITPOINT WARNING * * *
Unknown command.
Unknown command.
* * * LOW HITPOINT WARNING * * *
You feel very sick. Amaemon attacks as he pursues you!
Amaemon hits you with a +0 demon whip of venom!
You die...
Your body crumbles into a pile of gold.

#.#..#.#...#.#.#.#.#.####.#
#####'#..#.#.###...#.#...####.#
#........#.#.......#.#........#
#........#.#.......#.######...#
#........#.##.#.[..#.######....
#........#.......>.............
#######'##.###.......#.######....
...........########..#.# #....
#######.##.....9@6.o.#.# #....
#### #.##.########(##.# #....
...####.##.# #.##.######....
#.......#..# #.##...........
####.##.#..# #.########.....
#.....#.#..# #.#............
.#.#..#.#..########.#.######..#..
...<..#.#.............# #..#..
.#....#.#..########.########..#..


You could see Amaemon, an orc warrior (ally target) and a friendly guardian
golem (summoned).

Vanquished Creatures
  Erica (D:8)
  A deep elf pyromancer (D:8)
  An orange demon (D:9)
  2 black mambas (Lair:1)
  A rime drake (Lair:1)
  A troll (D:8)
  A blink frog (Lair:1)
  11 yaks
  2 steam dragons (D:7)
  5 water moccasins
  An ice beast (D:7)
  3 black bears
  4 sky beasts (D:7)
  3 ogres
  3 wolves (Lair:1)
  2 centaurs
  A phantom (D:5)
  7 bullfrogs
  3 scorpions
  7 howler monkeys (D:7)
  2 jellies (D:6)
  4 orc priests
  2 gnoll boudas
  2 iguanas (D:5)
  Natasha (D:2)
  8 orc wizards
  9 gnolls
  5 adders
  3 shadow imps
  A white imp (D:4)
  A worm (D:3)
  A dart slug (D:4)
  33 orcs
  4 ball pythons
  6 endoplasms
  5 giant cockroaches
  8 goblins
  8 hobgoblins
  6 jackals
  3 kobolds
  4 quokkas
  2 bats (D:1)
  A frilled lizard (D:1)
  8 rats
187 creatures vanquished.

Vanquished Creatures (others)
  5 death yaks (D:8)
  A cane toad (Lair:1)
  5 yaks
  A black bear (D:6)
  A sky beast (D:7)
  A wolf (Lair:1)
  An orc priest (D:6)
  An iguana (D:6)
  2 gnolls (D:6)
  4 orcs
22 creatures vanquished.

Grand Total: 209 creatures vanquished

Notes
Turn   | Place    | Note
-------+----------+-------------------------------------------
     0 | D:1      | hikkokomori the Human Hunter began the quest for the Orb.
     0 | D:1      | Reached XP level 1. HP: 16/16 MP: 1/1
    58 | D:1      | Found Nyeng's Armour Boutique.
   194 | D:1      | Reached XP level 2. HP: 22/22 MP: 2/2
   415 | D:1      | Reached XP level 3. HP: 28/28 MP: 3/3
   810 | D:2      | Found a shadowy altar of Dithmenos.
  1100 | D:2      | Reached XP level 4. HP: 34/34 MP: 4/4
  1368 | D:2      | Noticed Natasha
  1376 | D:2      | Killed Natasha
  1515 | D:3      | Reached XP level 5. HP: 24/41 MP: 5/5
  1537 | D:2      | HP: 1/41 [orc/+0 club (3)]
  1851 | D:3      | Learned a level 3 spell: Summon Guardian Golem
  1884 | D:3      | Noticed Grinder
  1900 | D:4      | Noticed an ogre
  1910 | D:4      | Killed an ogre
  1911 | D:4      | Reached XP level 6. HP: 18/47 MP: 5/7
  2058 | D:4      | Reached skill level 1 in Summonings
  2221 | D:4      | Found a runed translucent gate.
  2222 | D:4      | Found a runed translucent gate.
  2223 | D:4      | Found a runed translucent gate.
  2225 | D:4      | Noticed laschroeter's ghost (amateur MiFi)
  2272 | D:4      | Reached skill level 1 in Hexes
  2395 | D:4      | Found a staircase to the Ecumenical Temple.
  2504 | D:4      | Noticed a black bear
  2516 | D:4      | Killed a black bear
  2517 | D:4      | Reached skill level 5 in Ranged Weapons
  2517 | D:4      | Reached skill level 1 in Spellcasting
  2603 | Temple   | Entered the Ecumenical Temple
  2726 | Temple   | Became a worshipper of Gozag Ym Sagoz the Greedy
  2782 | D:5      | Entered Level 5 of the Dungeon
  3224 | D:5      | Noticed an ogre
  3233 | D:5      | Killed an ogre
  3234 | D:5      | Reached XP level 7. HP: 32/53 MP: 7/9
  4656 | D:6      | Reached XP level 8. HP: 48/61 MP: 9/11
  5225 | D:5      | Reached skill level 6 in Ranged Weapons
  5587 | D:6      | Learned a level 7 spell: Spellforged Servitor
  5723 | D:6      | Reached skill level 5 in Fighting
  5880 | D:6      | Reached skill level 5 in Stealth
  5990 | D:7      | Reached skill level 1 in Conjurations
  5990 | D:7      | Reached XP level 9. HP: 61/68 MP: 12/14
  6087 | D:7      | Found a shimmering altar of Xom.
  6330 | D:7      | Reached skill level 1 in Armour
  7356 | D:7      | Found a runed translucent door.
  7357 | D:7      | Noticed snackwell's ghost (novice GnGl)
  7428 | D:8      | Reached skill level 7 in Ranged Weapons
  7428 | D:8      | Reached XP level 10. HP: 76/76 MP: 16/16
  7644 | D:8      | Noticed Erica
  7820 | D:8      | Noticed a deep elf pyromancer
  7829 | D:8      | Killed a deep elf pyromancer
  7952 | D:8      | Killed Erica
  7953 | D:8      | Reached skill level 5 in Spellcasting
  8282 | D:8      | Reached skill level 5 in Summonings
  8536 | D:8      | Noticed a death yak
  8552 | D:8      | Noticed a death yak
  8553 | D:8      | Noticed a death yak
  8554 | D:8      | Noticed a death yak
  8569 | D:8      | Killed a death yak
  8570 | D:8      | Reached skill level 5 in Dodging
  8570 | D:8      | Reached XP level 11. HP: 84/84 MP: 9/19
  8571 | D:8      | Noticed a death yak
  8578 | D:8      | Killed a death yak
  8579 | D:8      | Reached skill level 8 in Ranged Weapons
  8590 | D:8      | Killed a death yak
  8595 | D:8      | Killed a death yak
  8598 | D:8      | Gained mutation: You are occasionally teleported next to
                  | monsters. [potion of mutation]
  8598 | D:8      | Gained mutation: Your mind is acute. (Int +4, Str/Dex -1)
                  | [potion of mutation]
  8656 | D:8      | Killed a death yak
  8886 | D:8      | Found a stormy altar of Qazlal.
  8891 | D:8      | Found a staircase to the Lair.
  8958 | Lair:1   | Entered Level 1 of the Lair of Beasts
  9456 | Lair:1   | Reached XP level 12. HP: 70/92 MP: 21/21
 10716 | D:9      | Noticed Amaemon
 10726 | D:9      | Reached skill level 9 in Ranged Weapons
 10765 | D:8      | HP: 3/93 [poisoned by Amaemon]
 10765 | D:8      | Mangled by Amaemon

Illustrated notes

Levels and vault maps discovered:
D:1:      eino_arrival_druids_welcome, layout_loops_cross, serial_shops,
          nicolae_shop_hallway_stairs, corexii_corridor_pit
D:2:      layout_loops_ring, basic_altar, uniq_natasha
D:3:      layout_basic, saegor_snake_ambush, uniq_grinder
D:4:      layout_gridville, temple_pool_b, gammafunk_ghost_nasty_kobolds
D:5:      layout_gridville, nicolae_tricolors
D:6:      layout_rooms
D:7:      layout_basic, mainiacjoe_overflow_cross_hatched,
          gammafunk_ghost_grave, hangedman_misty_isle
D:8:      layout_basic, overflow_temple_1_default, dpeg_lair_monsters,
          minmay_microvault, uniq_erica
D:9:      layout_roguey, lemuel_round_altar,
          chequers_temple_overflow_minitemple, david_orc_4, uniq_amaemon
Temple:   nicolae_temple_slightly_damp_pantheon
Lair:1:   layout_cave_pods, lemuel_fruit_tree, grunt_megastairs_1
Lair:2:   layout_chaotic_city, swamp_mist_pool,
          hellmonk_spider_entry_life_and_decay, minmay_lindwurm_lava,
          serial_bayou_shore_a, serial_bayou_shore_b, infiniplex_staircase_pool

Skill      XL: |  1  2  3  4  5  6  7  8  9 10 11 12 |
---------------+-------------------------------------+-----
Stealth        | 2 3 4 5 6 7 8 |  8.5
Fighting       | 3 4 5 6 7 8 |  8.3
Summonings     | 1 2 3 5 6 |  6.5
Hexes          | 1 2 |  2.0
Ranged Weapons | 5 6 7 8 9 |  9.0
Spellcasting   | 1 2 3 4 5 6 |  6.6
Conjurations   | 1 |  1.9
Armour         | 2 3 |  3.2
Dodging        | 3 5 6 |  6.5
Evocations     | |  0.8

Action                     |  1- 3 |  4- 6 |  7- 9 | 10-12 || total
---------------------------+-------+-------+-------+-------++-------
  Melee: Shortbow          |       |       |     2 |     1 ||     3
   Fire: Shortbow          |    89 |   171 |   399 |   280 ||   939
   Cast: Summon Guardian G |       |       |    10 |    18 ||    28
 Invoke: Potion Petition   |       |       |       |     1 ||     1
         Call Merchant     |       |       |       |     1 ||     1
  Evoke: Wand              |       |       |       |     3 ||     3
    Use: Scroll            |       |    12 |     6 |     2 ||    20
         Potion            |       |       |     5 |     7 ||    12
 Armour: Leather armour    |    16 |    76 |   189 |   106 ||   387
  Dodge: Dodged            |    19 |    53 |   156 |   113 ||   341

Table legend: (Time is in decaauts)
 A = Elapsed time spent in this place.
 B = Non-inter-level travel time spent in this place.
 C = Inter-level travel time spent in this place.
 D = Time resting spent in this place.
 E = Time spent auto-exploring this place.
 F = Levels seen in this place.
 G = Mean time per level.
                   A        B        C        D        E       F      G
               +--------+--------+--------+--------+--------+-----+--------+
         Total |  10903 |  10438 |    465 |   1224 |   7155 |  12 |  908.6 |
       Dungeon |   9024 |   8683 |    341 |    763 |   6209 |   9 | 1002.7 |
        Temple |    142 |    123 |     19 |      0 |      0 |   1 |  142.0 |
          Lair |   1736 |   1632 |    104 |    461 |    946 |   2 |  868.0 |
               +--------+--------+--------+--------+--------+-----+--------+

Top non-repeatable levels by time:
     D:5: 1734 daAuts
  Lair:1: 1686 daAuts
     D:8: 1616 daAuts
     D:7: 1369 daAuts
     D:6: 1258 daAuts
     D:4: 1082 daAuts
     D:2: 1015 daAuts
     D:1: 746 daAuts
     D:3: 175 daAuts
  Temple: 142 daAuts
  Lair:2: 49 daAuts
     D:9: 27 daAuts
